[Event "Romanian-ch Youth Open U10 2024"]
[Site "Eforie Nord"]
[Date "2024.04.12"]
[Round "1.1"]
[White "Patrasc, Patric-Cezar"]
[Black "Cazacu, Iustin-Nicolas"]
[Result "1/2-1/2"]
[ECO "A46"]
[WhiteElo "1469"]
[BlackElo "1857"]
[Annotator "NA RC COMBH"]
[PlyCount "136"]
[EventDate "2024.04.10"]
[EventType "swiss"]
[EventCountry "ROU"]
[SourceTitle "playchess.com"]
[Source "ChessBase"]
[SourceQuality "1"]
[TimeControl "5400+30"]

1. Nf3 Nf6 2. g3 e6 3. Bg2 d5 4. d4 b5 5. O-O Be7 6. b3 b4 7. a3 c5 8. dxc5 Bxc5 9. axb4 Bxb4 10. c4 Bb7 11. Ba3 Bxa3 12. Nxa3 O-O 13. Ne5 Nc6 14. Nxc6 Bxc6 15. cxd5 Bxd5 16. Bxd5 Qxd5 17. Qxd5 Nxd5 18. Rfc1 Rfb8 19. Rab1 h5 20. Kf1 Rb4 21. Rc4 Rb7 22. b4 Rab8 23. b5 a6 24. Rc5 Nc7 25. b6 Nd5 26. Nc4 Kf8 27. Kg2 Ke7 28. e4 Nc3 29. Rc7+ Rxc7 30. bxc7 Rc8 31. Rb7 Nb5 32. Rb6 Nxc7 33. Rc6 Kd8 34. Rd6+ Ke8 35. Rc6 f6 36. Nb6 Rb8 37. Rxc7 Rxb6 38. Rxg7 Kd8 39. Kf3 a5 40. Ke3 Ra6 41. Kd2 a4 42. Kc1 a3 43. Kb1 a2+ 44. Ka1 Ra4 45. Rh7 Rxe4 46. Rxh5 Re2 47. f4 e5 48. fxe5 fxe5 49. g4 Ke7 50. g5 e4 51. g6 Kf6 52. Rg5 Kg7 53. h4 e3 54. Rg3 Re1+ 55. Kxa2 e2 56. Re3 Kxg6 57. Kb2 Kf5 58. Kc2 Kf4 59. Kd2 Ra1 60. Rxe2 Ra2+ 61. Ke1 Ra1+ 62. Kd2 Rh1 63. Rf2+ Kg3 64. Rf8 Rxh4 65. Rg8+ Kf4 66. Ra8 Kg4 67. Ra4+ Kg3 68. Rxh4 Kxh4 1/2-1/2

[Event "Romanian-ch Youth Open U10 2024"]
[Site "Eforie Nord"]
[Date "2024.04.12"]
[Round "1.2"]
[White "Kovacs, Balazs"]
[Black "Ardeleanu, Teodor-Stefan"]
[Result "1-0"]
[ECO "B01"]
[WhiteElo "1866"]
[BlackElo "1461"]
[Annotator "NA RC COMBH"]
[PlyCount "63"]
[EventDate "2024.04.10"]
[EventType "swiss"]
[EventCountry "ROU"]
[SourceTitle "playchess.com"]
[Source "ChessBase"]
[SourceQuality "1"]
[TimeControl "5400+30"]

1. e4 d5 2. exd5 Qxd5 3. Nc3 Qa5 4. d4 Nf6 5. Nf3 Bf5 6. Bc4 e6 7. Bd2 Bb4 8. a3 Bxc3 9. Bxc3 Qb6 10. O-O Nc6 11. Qd2 O-O-O 12. a4 a5 13. Bb5 Ne4 14. Qe2 Nxc3 15. bxc3 Ne7 16. Rab1 Qd6 17. Ne5 Bg6 18. Qf3 Qd5 19. Qe2 Qd6 20. Rb2 f6 21. Nc4 Qd5 22. Nxa5 Rd6 23. Rfb1 b6 24. Ba6+ Kb8 25. Nc4 Nc6 26. Nxd6 Qxd6 27. Qe3 Na5 28. c4 Ka7 29. c5 bxc5 30. Qc3 Kxa6 31. dxc5 Qd5 32. Rb6+ 1-0

[Event "Romanian-ch Youth Open U10 2024"]
[Site "Eforie Nord"]
[Date "2024.04.12"]
[Round "1.3"]
[White "Nemes, Victor-Nicholas"]
[Black "Varabiescu, Petru"]
[Result "0-1"]
[ECO "A48"]
[WhiteElo "1453"]
[BlackElo "1791"]
[Annotator "NA RC COMBH"]
[PlyCount "118"]
[EventDate "2024.04.10"]
[EventType "swiss"]
[EventCountry "ROU"]
[SourceTitle "playchess.com"]
[Source "ChessBase"]
[SourceQuality "1"]
[TimeControl "5400+30"]

1. d4 Nf6 2. Nf3 g6 3. Bf4 Bg7 4. e3 O-O 5. Bd3 d6 6. Nbd2 Nbd7 7. O-O Re8 8. Qe2 h6 9. h3 e5 10. dxe5 dxe5 11. Bh2 e4 12. Nxe4 Nxe4 13. Rab1 b6 14. Qd1 Bb7 15. Bc4 Ne5 16. Qxd8 Raxd8 17. Bxe5 Bxe5 18. Rfe1 Nd2 19. Nxd2 Rxd2 20. Bd3 Rd8 21. b3 Bc3 22. Red1 Rxd1+ 23. Rxd1 Be4 24. Rb1 Bc6 25. a4 a5 26. Rc1 Kg7 27. Kf1 Kf6 28. f3 Bd2 29. Rd1 Bxe3 30. Ke2 Bf4 31. Kf1 Rd6 32. Kf2 Bd7 33. g4 Kg5 34. Kg2 Bc6 35. Kf2 Kh4 36. Kg2 Re6 37. Bc4 Re3 38. Rf1 Bg3 39. Ba6 Re1 40. Rxe1 Bxe1 41. Bc4 f5 42. Be6 fxg4 43. hxg4 Kg5 44. Bc4 Kf4 45. Kf1 Bc3 46. Ke2 Bxf3+ 47. Kd3 Bf6 48. Bb5 Bxg4 49. Kc4 Be2+ 50. Kd5 Bxb5 51. axb5 h5 52. Kc6 Be5 53. c4 Bd6 54. Kd5 h4 55. Kd4 h3 56. Kd3 h2 57. Kc2 h1=Q 58. Kd3 Bb4 59. Kd4 Qe4# 0-1

[Event "Romanian-ch Youth Open U10 2024"]
[Site "Eforie Nord"]
[Date "2024.04.12"]
[Round "1.4"]
[White "Larion, Iustin"]
[Black "Pana, Alexandru-Ioan"]
[Result "1-0"]
[ECO "B05"]
[WhiteElo "1743"]
[BlackElo "1451"]
[Annotator "NA RC COMBH"]
[PlyCount "55"]
[EventDate "2024.04.10"]
[EventType "swiss"]
[EventCountry "ROU"]
[SourceTitle "playchess.com"]
[Source "ChessBase"]
[SourceQuality "1"]
[TimeControl "5400+30"]

1. e4 Nf6 2. e5 Nd5 3. d4 d6 4. Nf3 Bg4 5. Be2 Bxf3 6. Bxf3 c6 7. exd6 Qxd6 8. O-O g6 9. c4 Nf6 10. Nc3 Bg7 11. Be3 O-O 12. Qb3 Qd7 13. h3 b6 14. Rfd1 Rd8 15. d5 c5 16. d6 Na6 17. Bxa8 Rxa8 18. dxe7 Qxe7 19. a3 Nc7 20. Re1 Qd7 21. Rad1 Qf5 22. Rd2 Re8 23. Qc2 Qe5 24. Rde2 Qd6 25. Qd2 Qc6 26. Bf4 Ne6 27. Nd5 Rd8 28. Ne7+ 1-0

[Event "Romanian-ch Youth Open U10 2024"]
[Site "Eforie Nord"]
[Date "2024.04.13"]
[Round "2.1"]
[White "Pasat, Rares-Stefan"]
[Black "Kovacs, Balazs"]
[Result "0-1"]
[ECO "C54"]
[WhiteElo "1523"]
[BlackElo "1866"]
[Annotator "NA RC COMBH"]
[PlyCount "42"]
[EventDate "2024.04.10"]
[EventType "swiss"]
[EventCountry "ROU"]
[SourceTitle "playchess.com"]
[Source "ChessBase"]
[SourceQuality "1"]
[TimeControl "5400+30"]

1. e4 e5 2. Nf3 Nc6 3. d4 exd4 4. Bc4 Bc5 5. c3 Nf6 6. e5 d5 7. exf6 dxc4 8. fxg7 Rg8 9. Qe2+ Be6 10. cxd4 Nxd4 11. Nxd4 Qxd4 12. Be3 Bb4+ 13. Bd2 Qxb2 14. Bxb4 $19 Qxa1 15. Qe4 O-O-O 16. O-O Qxg7 17. Nc3 Rd4 18. Qf3 Rd3 19. Qg3 Rxg3 20. fxg3 Qd4+ 21. Kh1 c5 0-1

[Event "Romanian-ch Youth Open U10 2024"]
[Site "Eforie Nord"]
[Date "2024.04.13"]
[Round "2.2"]
[White "Varabiescu, Petru"]
[Black "Pruszter, Alexandru"]
[Result "1-0"]
[ECO "B06"]
[WhiteElo "1791"]
[BlackElo "1496"]
[Annotator "NA RC COMBH"]
[PlyCount "61"]
[EventDate "2024.04.10"]
[EventType "swiss"]
[EventCountry "ROU"]
[SourceTitle "playchess.com"]
[Source "ChessBase"]
[SourceQuality "1"]
[TimeControl "5400+30"]

1. e4 g6 2. d4 Bg7 3. Nf3 d6 4. Bd3 c6 5. c3 Nf6 6. O-O Qc7 7. Re1 e5 8. Nbd2 O-O 9. Nc4 b5 10. dxe5 bxc4 11. exf6 cxd3 12. fxg7 Kxg7 13. Qxd3 Nd7 14. Bf4 Ne5 15. Qxd6 Qxd6 16. Bxe5+ Qxe5 17. Nxe5 Bb7 18. Rad1 Rad8 19. f3 f6 20. Nd7 Rfe8 21. Nc5 Bc8 22. Kf2 Rxd1 23. Rxd1 Re5 24. Rd8 Rxc5 25. Rxc8 Ra5 26. Rc7+ Kh6 27. a3 Ra6 28. Rb7 Ra5 29. Ke3 Kg5 30. Rxh7 Rb5 31. h4# 1-0

[Event "Romanian-ch Youth Open U10 2024"]
[Site "Eforie Nord"]
[Date "2024.04.13"]
[Round "2.3"]
[White "Ghiocanu-Pirvan, David-Mihai"]
[Black "Larion, Iustin"]
[Result "0-1"]
[ECO "D05"]
[WhiteElo "1522"]
[BlackElo "1743"]
[Annotator "NA RC COMBH"]
[PlyCount "52"]
[EventDate "2024.04.10"]
[EventType "swiss"]
[EventCountry "ROU"]
[SourceTitle "playchess.com"]
[Source "ChessBase"]
[SourceQuality "1"]
[TimeControl "5400+30"]

1. d4 Nf6 2. Nf3 d5 3. e3 c5 4. c3 Nc6 5. Bd3 e6 6. Nbd2 Bd6 7. b3 O-O 8. Bb2 Re8 9. c4 cxd4 10. exd4 e5 11. Be2 e4 12. Ng1 Ne7 13. Qc2 Nf5 14. Nf1 Bb4+ 15. Kd1 e3 16. f3 dxc4 17. Qxc4 Bf8 18. g4 Nd6 19. Qd3 Nd5 20. Ng3 Bd7 21. Ke1 Nf4 22. Qd1 h5 23. gxh5 Qh4 24. Kf1 Bh3+ 25. Ke1 Nf5 26. Nxh3 Bb4+ 0-1

[Event "Romanian-ch Youth Open U10 2024"]
[Site "Eforie Nord"]
[Date "2024.04.13"]
[Round "2.4"]
[White "Iordache, Sergiu-Andrei"]
[Black "Pasca, Alexandru-Daniel"]
[Result "0-1"]
[ECO "B43"]
[WhiteElo "1498"]
[BlackElo "1623"]
[Annotator "NA RC COMBH"]
[PlyCount "52"]
[EventDate "2024.04.10"]
[EventType "swiss"]
[EventCountry "ROU"]
[SourceTitle "playchess.com"]
[Source "ChessBase"]
[SourceQuality "1"]
[TimeControl "5400+30"]

1. e4 c5 2. Nf3 e6 3. d4 cxd4 4. Nxd4 a6 5. Nc3 Qc7 6. Be3 Bb4 7. Qd2 Nf6 8. f3 d5 9. Bd3 e5 10. a3 Bxc3 11. Qxc3 Qxc3+ 12. bxc3 exd4 13. Bxd4 dxe4 14. fxe4 Nc6 15. Bxf6 gxf6 16. O-O Ke7 17. Rf2 Ne5 18. h3 Rg8 19. Kh2 Be6 20. Rb1 Rab8 21. Be2 Rgc8 22. c4 Bxc4 23. Bxc4 Rxc4 24. Re2 b5 25. Rb4 Rbc8 26. Rxc4 Rxc4 0-1

[Event "Romanian-ch Youth Open U10 2024"]
[Site "Eforie Nord"]
[Date "2024.04.13"]
[Round "3.1"]
[White "Kovacs, Balazs"]
[Black "Anghenie, Toma-Horia"]
[Result "1-0"]
[ECO "B19"]
[WhiteElo "1866"]
[BlackElo "1566"]
[Annotator "NA RC COMBH"]
[PlyCount "75"]
[EventDate "2024.04.10"]
[EventType "swiss"]
[EventCountry "ROU"]
[SourceTitle "playchess.com"]
[Source "ChessBase"]
[SourceQuality "1"]
[TimeControl "5400+30"]

1. e4 c6 2. d4 d5 3. Nc3 dxe4 4. Nxe4 Bf5 5. Ng3 Bg6 6. h4 h6 7. Nf3 Nd7 8. h5 Bh7 9. Bd3 Bxd3 10. Qxd3 e6 11. Bd2 Ngf6 12. O-O-O Qc7 13. Ne4 Nxe4 14. Qxe4 Nf6 15. Qe2 O-O-O 16. c4 Bd6 17. g3 c5 18. Kb1 cxd4 19. Nxd4 a6 20. Nb3 Qe7 21. c5 Bc7 22. c6 b5 23. Qe3 Kb8 24. Nc5 Bb6 25. Bb4 Bxc5 26. Bxc5 Qc7 27. Bb6 Qxc6 28. Bxd8 Nd5 29. Qe5+ Kb7 30. Ba5 Rc8 31. Rc1 Qd7 32. Rxc8 Qxc8 33. Rc1 Qd7 34. Qd4 f6 35. Rc7+ Qxc7 36. Bxc7 Nxc7 37. Qd7 Kb6 38. Qxg7 1-0

[Event "Romanian-ch Youth Open U10 2024"]
[Site "Eforie Nord"]
[Date "2024.04.13"]
[Round "3.2"]
[White "Bostina, Vladimir-Ioan"]
[Black "Varabiescu, Petru"]
[Result "0-1"]
[ECO "B33"]
[WhiteElo "1579"]
[BlackElo "1791"]
[Annotator "NA RC COMBH"]
[PlyCount "120"]
[EventDate "2024.04.10"]
[EventType "swiss"]
[EventCountry "ROU"]
[SourceTitle "playchess.com"]
[Source "ChessBase"]
[SourceQuality "1"]
[TimeControl "5400+30"]

1. e4 c5 2. Nf3 Nc6 3. d4 cxd4 4. Nxd4 Nf6 5. Nc3 e5 6. Ndb5 d6 7. Bg5 a6 8. Na3 b5 9. Nd5 Be7 10. Bxf6 Bxf6 11. c3 O-O 12. Nc2 Rb8 13. Be2 Bg5 14. O-O Ne7 15. Ncb4 Nxd5 16. Nxd5 Be6 17. Bg4 Qd7 18. Bxe6 fxe6 19. Qg4 Qf7 20. Nb4 Qg6 21. h4 Bd8 22. Qxg6 hxg6 23. Nc6 Rc8 24. Nxd8 Rcxd8 25. a4 Rf4 26. axb5 axb5 27. g3 Rxe4 28. Ra5 b4 29. Ra4 Rb8 30. Rfa1 d5 31. Ra8 Rxa8 32. Rxa8+ Kf7 33. f3 Re1+ 34. Kf2 Rb1 35. Ra7+ Kg8 36. Ra8+ Kh7 37. Re8 Rxb2+ 38. Ke3 bxc3 39. Rxe6 d4+ 40. Kd3 Rd2+ 41. Ke4 c2 42. Rc6 d3 43. Kxe5 Re2+ 44. Kf4 d2 45. Rxc2 d1=Q 46. Rxe2 Qxe2 47. g4 Qh2+ 48. Ke3 Qxh4 49. g5 Qxg5+ 50. f4 Qg3+ 51. Ke4 Kg8 52. Ke5 Kf7 53. Ke4 Ke6 54. f5+ gxf5+ 55. Kd4 Kd6 56. Kc4 Qe3 57. Kb4 Qd3 58. Ka4 Qb1 59. Ka5 Kc5 60. Ka6 Qb6# 0-1

[Event "Romanian-ch Youth Open U10 2024"]
[Site "Eforie Nord"]
[Date "2024.04.13"]
[Round "3.3"]
[White "Larion, Iustin"]
[Black "Suteu, Catalin-Mihai"]
[Result "1-0"]
[ECO "D06"]
[WhiteElo "1743"]
[BlackElo "1528"]
[Annotator "NA RC COMBH"]
[PlyCount "89"]
[EventDate "2024.04.10"]
[EventType "swiss"]
[EventCountry "ROU"]
[SourceTitle "playchess.com"]
[Source "ChessBase"]
[SourceQuality "1"]
[TimeControl "5400+30"]

1. d4 d5 2. c4 e6 3. Nc3 Nc6 4. cxd5 exd5 5. Nf3 Bf5 6. a3 Nf6 7. Bg5 Be7 8. e3 O-O 9. Bd3 Ne4 10. Bxe7 Nxe7 11. Qc2 Nxc3 12. Qxc3 c6 13. O-O Be4 14. Qc2 f5 15. Rae1 Ng6 16. Ne5 Qd6 17. f4 Rac8 18. b4 b6 19. Rc1 a5 20. Bxe4 dxe4 21. Qc4+ Qd5 22. Nxc6 Qxc4 23. Rxc4 axb4 24. axb4 Kf7 25. Rfc1 Ra8 26. d5 Ra3 27. R4c3 Ra2 28. Ne5+ Nxe5 29. fxe5 Rd2 30. Rc7+ Kg8 31. Rd7 Re8 32. e6 h6 33. e7 f4 34. Rd8 Kf7 35. d6 fxe3 36. Rxe8 Rxd6 37. Rd8 Kxe7 38. Rxd6 Kxd6 39. Kf1 Kd5 40. Ke2 Kd4 41. b5 g5 42. g4 Kd5 43. Kxe3 Ke5 44. Rd1 Ke6 45. Kxe4 1-0

[Event "Romanian-ch Youth Open U10 2024"]
[Site "Eforie Nord"]
[Date "2024.04.13"]
[Round "3.4"]
[White "Pasca, Alexandru-Daniel"]
[Black "Marinca, Matteo-Ioan"]
[Result "1-0"]
[ECO "B22"]
[WhiteElo "1623"]
[BlackElo "1523"]
[Annotator "NA RC COMBH"]
[PlyCount "44"]
[EventDate "2024.04.10"]
[EventType "swiss"]
[EventCountry "ROU"]
[SourceTitle "playchess.com"]
[Source "ChessBase"]
[SourceQuality "1"]
[TimeControl "5400+30"]

1. e4 c5 2. c3 Nf6 3. e5 Nd5 4. d4 d6 5. Nf3 e6 6. Bd3 Be7 7. a3 a5 8. O-O O-O 9. Bc2 Nc6 10. Qd3 g6 11. exd6 Qxd6 12. Bh6 Rd8 13. Nbd2 Bf8 14. Ne4 Qe7 15. Bxf8 Qxf8 16. dxc5 e5 17. Nd6 Nde7 18. Qe2 f6 19. Qc4+ Kg7 20. b4 axb4 21. axb4 Rxa1 22. Rxa1 Bg4 1-0

[Event "Romanian-ch Youth Open U10 2024"]
[Site "Eforie Nord"]
[Date "2024.04.14"]
[Round "4.1"]
[White "Larion, Iustin"]
[Black "Kovacs, Balazs"]
[Result "1-0"]
[ECO "D02"]
[WhiteElo "1743"]
[BlackElo "1866"]
[Annotator "NA RC"]
[PlyCount "75"]
[EventDate "2024.04.10"]
[EventType "swiss"]
[EventCountry "ROU"]
[SourceTitle "playchess.com"]
[Source "ChessBase"]
[SourceQuality "1"]
[TimeControl "5400+30"]

1. d4 Nf6 2. Nf3 g6 3. Nbd2 d5 4. e3 c5 5. dxc5 Nc6 6. a3 Qa5 7. c4 Bg7 8. Be2 dxc4 9. Bxc4 Qxc5 10. b4 Qb6 11. Bb2 O-O 12. O-O Rd8 13. Qb3 e6 14. Rfd1 a5 15. b5 a4 16. Qc2 Ne7 17. Bd4 Qc7 18. b6 Qc6 19. Qb2 Ne8 20. Bxg7 Nxg7 21. Ne5 Qd6 22. Be2 Nd5 23. Ndc4 Qe7 24. e4 Nf6 25. Rxd8+ Qxd8 26. Rd1 Qe7 27. Qd4 Ngh5 28. Bxh5 Nxh5 29. Qd8+ Qxd8 30. Rxd8+ Kg7 31. Nd6 Kf6 32. Nec4 Nf4 33. Rxc8 Rxc8 34. Nxc8 Ne2+ 35. Kf1 Nc3 36. e5+ Kf5 37. N8d6+ Kf4 38. Nxb7 1-0

[Event "Romanian-ch Youth Open U10 2024"]
[Site "Eforie Nord"]
[Date "2024.04.14"]
[Round "4.2"]
[White "Varabiescu, Petru"]
[Black "Pasca, Alexandru-Daniel"]
[Result "1-0"]
[ECO "B22"]
[WhiteElo "1791"]
[BlackElo "1623"]
[Annotator "NA RC"]
[PlyCount "151"]
[EventDate "2024.04.10"]
[EventType "swiss"]
[EventCountry "ROU"]
[SourceTitle "playchess.com"]
[Source "ChessBase"]
[SourceQuality "1"]
[TimeControl "5400+30"]

1. e4 c5 2. c3 Nf6 3. e5 Nd5 4. d4 cxd4 5. Nf3 e6 6. cxd4 Nc6 7. Bc4 d6 8. O-O Be7 9. Qe2 O-O 10. Qe4 dxe5 11. dxe5 Re8 12. Rd1 Qc7 13. Bd2 Bf8 14. Nc3 Nxc3 15. Bxc3 b6 16. Ng5 g6 17. Qh4 Bg7 18. Qxh7+ Kf8 19. Bb5 a5 20. Rd3 Ba6 21. Bxa6 Rxa6 22. Nxf7 Qxf7 23. Rf3 Qxf3 24. gxf3 Kf7 25. Qh4 Ra7 26. Rd1 Ne7 27. Qa4 Nd5 28. Bd4 Rd8 29. Qb5 Rad7 30. Be3 Bxe5 31. Bg5 Bf6 32. Bxf6 Kxf6 33. Rd4 Rc7 34. Rc4 Rdc8 35. Rxc7 Rxc7 36. h4 g5 37. hxg5+ Kxg5 38. Qe2 Kf6 39. Qe4 Rg7+ 40. Kf1 Rg5 41. Qh4 Kf5 42. Qe4+ Kf6 43. Qd4+ Kf5 44. Ke2 Rg8 45. Kd2 Rc8 46. a3 Rc7 47. Kd3 Rd7 48. Qe4+ Kf6 49. Kc4 Rc7+ 50. Kd4 b5 51. Qe5+ Ke7 52. Qg7+ Kd6 53. Qg3+ Ke7 54. Ke5 Kd7 55. Qg6 Rc6 56. Qf7+ Ne7 57. Kf6 e5+ 58. Kxe5 Rc5+ 59. Kd4 Rf5 60. Qb3 a4 61. Qc2 Rxf3 62. Ke5 Nc6+ 63. Kd5 Ne7+ 64. Kc5 Rf5+ 65. Qxf5+ Nxf5 66. Kxb5 Kd6 67. Kxa4 Kc5 68. Ka5 Nd4 69. b4+ Kc6 70. Ka6 Kc7 71. b5 Nb3 72. Ka7 Na5 73. b6+ Kc8 74. Ka8 Nb7 75. f4 Nd6 76. f5 1-0

[Event "Romanian-ch Youth Open U10 2024"]
[Site "Eforie Nord"]
[Date "2024.04.14"]
[Round "4.3"]
[White "Stan, Dante-Alexandru"]
[Black "Mistrekov, Dobrynia"]
[Result "0-1"]
[ECO "E62"]
[WhiteElo "1561"]
[BlackElo "1562"]
[Annotator "NA RC"]
[PlyCount "120"]
[EventDate "2024.04.10"]
[EventType "swiss"]
[EventCountry "ROU"]
[SourceTitle "playchess.com"]
[Source "ChessBase"]
[SourceQuality "1"]
[TimeControl "5400+30"]

1. Nf3 Nf6 2. g3 g6 3. Bg2 Bg7 4. O-O O-O 5. d4 d6 6. c4 c6 7. Nc3 Qa5 8. Bd2 Qb6 9. Qb3 Nbd7 10. Bf4 Qxb3 11. axb3 Re8 12. e4 e5 13. dxe5 dxe5 14. Be3 Ng4 15. Rxa7 Rxa7 16. Bxa7 Bf8 17. h3 Ngf6 18. Be3 Bc5 19. Bxc5 Nxc5 20. Nd2 Rd8 21. Rd1 b5 22. b4 Nd3 23. Nf3 Rd7 24. cxb5 cxb5 25. Kf1 Nxb4 26. Rxd7 Nxd7 27. h4 Nc6 28. Bh3 b4 29. Nd5 Ba6+ 30. Ke1 Nc5 31. Nd2 Nd3+ 32. Kf1 Nxb2+ 33. Kg1 Nc4 34. Nb3 Nd6 35. Bd7 Nd4 36. Nxd4 exd4 37. Nxb4 Bc4 38. e5 Ne4 39. Bc6 Nc3 40. Nc2 d3 41. Ne3 d2 42. Bf3 Bb3 43. Kg2 d1=Q 44. Nxd1 Bxd1 45. Bxd1 Nxd1 46. f4 Kf8 47. Kf3 Ke7 48. Ke2 Nc3+ 49. Kd3 Nd5 50. Ke4 Ke6 51. Kd4 h5 52. Ke4 Nc3+ 53. Kd3 Nd5 54. Ke4 Ne7 55. Kf3 Kf5 56. Ke3 Kg4 57. Kf2 Nd5 58. Kg2 Ne3+ 59. Kf2 Nf5 60. Kg2 Nxg3 0-1

[Event "Romanian-ch Youth Open U10 2024"]
[Site "Eforie Nord"]
[Date "2024.04.14"]
[Round "4.4"]
[White "Cazacu, Iustin-Nicolas"]
[Black "Dicu, Teodor-Florentin"]
[Result "1-0"]
[ECO "A41"]
[WhiteElo "1857"]
[BlackElo "1426"]
[Annotator "NA RC"]
[PlyCount "61"]
[EventDate "2024.04.10"]
[EventType "swiss"]
[EventCountry "ROU"]
[SourceTitle "playchess.com"]
[Source "ChessBase"]
[SourceQuality "1"]
[TimeControl "5400+30"]

1. Nf3 g6 2. g3 Bg7 3. d4 d6 4. Bg2 Nd7 5. O-O e5 6. dxe5 dxe5 7. c4 Ne7 8. Nc3 c6 9. Qc2 O-O 10. b3 h6 11. Bb2 f5 12. e3 a6 13. Rad1 Qc7 14. Ba3 Rf7 15. Bd6 Qb6 16. Na4 Qa7 17. Nh4 Kh7 18. g4 Bf6 19. gxf5 Bxh4 20. fxg6+ Nxg6 21. Be4 Rg7 22. Kh1 Nf6 23. Bxe5 Nxe4 24. Bxg7 Kxg7 25. Qxe4 b5 26. Rg1 Qf7 27. Nb6 Bb7 28. Rd7 Kh8 29. Rxf7 Rb8 30. Qd4+ Kg8 31. Qg7# 1-0

[Event "Romanian-ch Youth Open U10 2024"]
[Site "Eforie Nord"]
[Date "2024.04.15"]
[Round "5.1"]
[White "Mistrekov, Dobrynia"]
[Black "Varabiescu, Petru"]
[Result "1-0"]
[ECO "B29"]
[WhiteElo "1562"]
[BlackElo "1791"]
[Annotator "NA RC"]
[PlyCount "103"]
[EventDate "2024.04.10"]
[EventType "swiss"]
[EventCountry "ROU"]
[SourceTitle "playchess.com"]
[Source "ChessBase"]
[SourceQuality "1"]
[TimeControl "5400+30"]

1. e4 c5 2. Nf3 Nf6 3. Nc3 d5 4. exd5 Nxd5 5. Nxd5 Qxd5 6. c4 Qd8 7. b3 Nc6 8. Bb2 Bg4 9. Be2 Qc7 10. O-O e5 11. Nxe5 Bxe2 12. Qxe2 Nxe5 13. Bxe5 Qe7 14. Qf3 O-O-O 15. Rfe1 Qd7 16. Bc3 f6 17. Ba5 Re8 18. Rxe8+ Qxe8 19. Rd1 Bd6 20. d4 cxd4 21. Qg4+ Kb8 22. Qxd4 Be5 23. Qd5 b6 24. Bb4 Bc7 25. c5 bxc5 26. Bxc5 Qe2 27. Bd6 Rc8 28. Rc1 Qe8 29. Bxc7+ Rxc7 30. Qd6 Qc8 31. Kf1 Kb7 32. Rxc7+ Qxc7 33. Qxc7+ Kxc7 34. Ke2 Kb6 35. Kd3 Kc5 36. a3 a6 37. f4 f5 38. h3 h5 39. h4 a5 40. b4+ axb4 41. axb4+ Kxb4 42. Kd4 g6 43. Ke5 Kc4 44. Kf6 Kd4 45. Kxg6 Ke4 46. Kg5 Ke3 47. Kxf5 Kf2 48. Kg5 Kg3 49. f5 Kxg2 50. f6 Kg3 51. f7 Kh3 52. f8=Q 1-0

[Event "Romanian-ch Youth Open U10 2024"]
[Site "Eforie Nord"]
[Date "2024.04.15"]
[Round "5.2"]
[White "Cazacu, Iustin-Nicolas"]
[Black "Larion, Iustin"]
[Result "1/2-1/2"]
[ECO "A04"]
[WhiteElo "1857"]
[BlackElo "1743"]
[Annotator "NA RC"]
[PlyCount "108"]
[EventDate "2024.04.10"]
[EventType "swiss"]
[EventCountry "ROU"]
[SourceTitle "playchess.com"]
[Source "ChessBase"]
[SourceQuality "1"]
[TimeControl "5400+30"]

1. Nf3 c5 2. g3 Nc6 3. Bg2 e5 4. e4 g6 5. O-O Bg7 6. c3 Nge7 7. d3 O-O 8. h4 d5 9. exd5 Nxd5 10. Nbd2 Bf5 11. Ne4 c4 12. dxc4 Bxe4 13. cxd5 Qxd5 14. Be3 Rad8 15. Qxd5 Bxd5 16. Rfd1 b6 17. Ng5 Bxg2 18. Kxg2 Ne7 19. Ne4 Nd5 20. Bg5 f6 21. c4 fxg5 22. cxd5 gxh4 23. gxh4 Bh6 24. d6 Rd7 25. Rd5 Bf4 26. Rd3 Kf7 27. Rc3 Ke6 28. a4 g5 29. hxg5 Rg8 30. Rh1 Bxg5 31. Rg3 Rdg7 32. Nxg5+ Rxg5 33. Rxh7 Rxg3+ 34. fxg3 Kxd6 35. Rxa7 Rg4 36. Ra6 Kc7 37. a5 bxa5 38. Rxa5 Rb4 39. Rxe5 Rxb2+ 40. Kf3 Kd6 41. Re3 Rb8 42. g4 Rg8 43. Kg3 Kd5 44. Re1 Kd6 45. Kf4 Rf8+ 46. Kg5 Rg8+ 47. Kh5 Rh8+ 48. Kg6 Rg8+ 49. Kf5 Rf8+ 50. Kg5 Rg8+ 51. Kf4 Rf8+ 52. Kg3 Rg8 53. Re4 Kd5 54. Re3 Kd6 1/2-1/2

[Event "Romanian-ch Youth Open U10 2024"]
[Site "Eforie Nord"]
[Date "2024.04.15"]
[Round "5.3"]
[White "Kovacs, Balazs"]
[Black "Suteu, Catalin-Mihai"]
[Result "1-0"]
[ECO "C50"]
[WhiteElo "1866"]
[BlackElo "1528"]
[Annotator "NA RC"]
[PlyCount "97"]
[EventDate "2024.04.10"]
[EventType "swiss"]
[EventCountry "ROU"]
[SourceTitle "playchess.com"]
[Source "ChessBase"]
[SourceQuality "1"]
[TimeControl "5400+30"]

1. e4 e5 2. Nf3 Nc6 3. Bc4 Bc5 4. O-O Nf6 5. d4 Bxd4 6. Nxd4 Nxd4 7. f4 Nc6 8. Bxf7+ Kxf7 9. fxe5 Nxe5 10. Qd5+ Kf8 11. Qxe5 d6 12. Qd4 Qe7 13. Bg5 Kf7 14. Nc3 Be6 15. e5 dxe5 16. Qxe5 h6 17. Ne4 Bc4 18. Bxf6 Qxe5 19. Bxe5+ Bxf1 20. Rxf1+ Ke6 21. Bxg7 Rh7 22. Rf6+ Ke5 23. Rf8+ Kxe4 24. Rxa8 Rxg7 25. Rxa7 b6 26. Kf2 Rf7+ 27. Ke2 Rg7 28. Ra4+ Ke5 29. g3 Rg6 30. Ke3 c5 31. Re4+ Kf5 32. c3 b5 33. a4 bxa4 34. Rxa4 Rb6 35. Ra5 Rxb2 36. Rxc5+ Kf6 37. h4 Rg2 38. Kf3 Rd2 39. Kg4 Rd3 40. Kf4 Kg6 41. Rc6+ Kg7 42. c4 Rd4+ 43. Kf5 Rd3 44. Rc7+ Kg8 45. g4 Rd4 46. g5 h5 47. g6 Rd6 48. Kg5 Re6 49. Kh6 1-0

[Event "Romanian-ch Youth Open U10 2024"]
[Site "Eforie Nord"]
[Date "2024.04.15"]
[Round "5.4"]
[White "Pasca, Alexandru-Daniel"]
[Black "Albu, Tudor-Stefan"]
[Result "1-0"]
[ECO "B22"]
[WhiteElo "1623"]
[BlackElo "1443"]
[Annotator "NA RC"]
[PlyCount "69"]
[EventDate "2024.04.10"]
[EventType "swiss"]
[EventCountry "ROU"]
[SourceTitle "playchess.com"]
[Source "ChessBase"]
[SourceQuality "1"]
[TimeControl "5400+30"]

1. e4 c5 2. c3 e6 3. Nf3 d5 4. exd5 exd5 5. d4 Nc6 6. Be2 Nf6 7. O-O Be6 8. Re1 Bd6 9. Bg5 O-O 10. Nbd2 Rc8 11. a3 h6 12. Bh4 Be7 13. Nf1 cxd4 14. Nxd4 Ne4 15. Bxe7 Qxe7 16. Bf3 f5 17. Ng3 Ne5 18. Nge2 g5 19. Nxe6 Qxe6 20. Nd4 Qf7 21. Bh5 Qd7 22. f3 Nf6 23. Rxe5 Nxh5 24. Qb3 Rc4 25. Rae1 Rf7 26. Qb5 Nf4 27. Qxd7 Rxd7 28. Re8+ Kf7 29. Nxf5 Kg6 30. Nd4 Kf7 31. g3 Nd3 32. R1e6 Nc5 33. Re2 Nd3 34. R8e3 Nc5 35. b3 1-0

[Event "Romanian-ch Youth Open U10 2024"]
[Site "Eforie Nord"]
[Date "2024.04.16"]
[Round "6.1"]
[White "Larion, Iustin"]
[Black "Mistrekov, Dobrynia"]
[Result "1-0"]
[ECO "A48"]
[WhiteElo "1743"]
[BlackElo "1562"]
[Annotator "NA RC"]
[PlyCount "97"]
[EventDate "2024.04.10"]
[EventType "swiss"]
[EventCountry "ROU"]
[SourceTitle "playchess.com"]
[Source "ChessBase"]
[SourceQuality "1"]
[TimeControl "5400+30"]

1. d4 Nf6 2. Nf3 g6 3. Nbd2 d5 4. e3 Bg7 5. b4 O-O 6. Be2 Nbd7 7. O-O Re8 8. Bb2 c6 9. c4 e6 10. Rc1 Nh5 11. Qb3 Nb6 12. Rfd1 f5 13. Ne5 Nf6 14. b5 cxb5 15. cxb5 Nfd7 16. f4 Nxe5 17. dxe5 Bd7 18. Bd4 Bf8 19. a4 Nc8 20. Rc2 a6 21. bxa6 bxa6 22. Nf3 Qa5 23. Ra1 Ne7 24. Bb6 Rab8 25. Rb2 Rxb6 26. Qxb6 Qc3 27. Qb3 Qa5 28. Nd4 g5 29. Qd3 gxf4 30. exf4 Ng6 31. g3 Bc5 32. Kh1 Ba7 33. Rb7 Bxd4 34. Qxd4 Bc6 35. Rb6 Ba8 36. Rxa6 Qc7 37. a5 Ne7 38. Rxe6 Qd7 39. Rd6 Qc7 40. Bf3 Qb7 41. Rd1 Qb3 42. Qd3 Qa2 43. Rxd5 Nc6 44. Rd6 Nb4 45. Bxa8 Rxa8 46. Rd8+ Rxd8 47. Qxd8+ Kg7 48. Qf6+ Kg8 49. Rd8# 1-0